 Dungeon Crawl Stone Soup version 0.28.0-1-gb440e238dd (webtiles) character file.

Game seed: 7653229275034471025

10539 RepoMan the Black Belt (level 11, -15/65 (86) HPs)
             Began as a Demonspawn Berserker on Feb 24, 2022.
             Was a High Priest of Trog.
             Killed from afar by Nergalle (36 damage)
             ... with a bolt of negative energy
             ... on level 11 of the Dungeon.
             The game lasted 00:52:06 (10620 turns).

RepoMan the Black Belt (Demonspawn Berserker)      Turns: 10620, Time: 00:52:10

HP:   -15/65 (86)   AC: 13    Str: 17    XL:     11   Next: 37%
MP:   11/11         EV: 31    Int:  9    God:    Trog [*****.]
Gold: 473           SH:  4    Dex: 17    Spells: 10/10 levels left

rFire   + . .      SeeInvis .     - Unarmed
rCold   . . .      Faith    .   (no shield)
rNeg    . . .      Spirit   .   p - +0 troll leather armour
rPois   .          Reflect  .   (helmet restricted)
rElec   .          Harm     .   (no cloak)
rCorr   .          Rampage  .   J - +0 pair of gloves
Will    .....                   c - +0 pair of boots
Stlth   +.........              o - amulet of the acrobat
HPRegen 1.00/turn               F - +4 ring of evasion
MPRegen 0.12/turn               B - ring of protection from fire

@: on berserk cooldown, acrobatic, slowed, heavily drained, very slow
A: horns 1, slimy green scales 2, foul stench 1, icemail 1, condensation shield
a: Renounce Religion, Berserk, Trog's Hand, Brothers in Arms


You were on level 11 of the Dungeon.
You worshipped Trog.
Trog was extremely pleased with you.
You visited 1 branch of the dungeon, and saw 11 of its levels.
You also visited: Ossuary.

You collected 473 gold pieces.

Inventory:

Hand Weapons
 d - a +0 hunting sling
 A - the +6 dagger "Qotus" {flame, Str+2 Dex+3}
   (You found it on level 4 of the Dungeon)

   It burns those it strikes, dealing additional fire damage.
   Str:       It affects your strength (+2).
   Dex:       It affects your dexterity (+3).
Missiles
 e - 249 stones (quivered)
 C - a throwing net
 Q - 4 silver boomerangs
Armour
 c - a +0 pair of boots (worn)
 p - a +0 troll leather armour (worn)
 J - a +0 pair of gloves (worn)
 P - a +2 robe of cold resistance
Jewellery
 h - a ring of magical power
 o - an amulet of the acrobat (around neck)
 B - a ring of protection from fire (right hand)
 F - a +4 ring of evasion (left hand)
 L - a ring of ice
 O - a ring of ice
Wands
 r - a wand of flame (10)
 D - a wand of mindburst (8)
Scrolls
 j - a scroll of noise {unknown}
 k - 6 scrolls of identify {unknown}
 l - a scroll of enchant weapon {unknown}
 q - a scroll of magic mapping {unknown}
 s - a scroll of vulnerability {unknown}
 t - a scroll of fog {unknown}
 w - 6 scrolls of blinking {unknown}
 x - a scroll of holy word {unknown}
 y - a scroll of brand weapon {unknown}
 z - 2 scrolls of teleportation {unknown}
 H - a scroll of torment {unknown}
 I - a scroll of enchant armour {unknown}
 M - 2 scrolls of summoning {unknown}
Potions
 a - 6 potions of curing
 b - a potion of magic {unknown}
 f - 5 potions of might {unknown}
 g - 2 potions of cancellation {unknown}
 i - 4 potions of attraction {unknown}
 m - a potion of resistance {unknown}
 n - 4 potions of heal wounds {unknown}
 u - a potion of lignification {unknown}
 v - 2 potions of flight {unknown}
 E - a potion of degeneration {unknown}
 G - a potion of brilliance
 K - 2 potions of haste
 N - a potion of mutation {unknown}


   Skills:
 - Level 8.0 Fighting
 - Level 1.7 Armour
 - Level 1.7 Dodging
 * Level 15.2 Unarmed Combat


You had 10 spell levels left.
You didn't know any spells.
Your spell library was empty.

Dungeon Overview and Level Annotations

Branches:
Dungeon (11/15)            Temple (0/1) D:5         Ossuary (visited)
   Lair: D:8-11         Orc: D:9-12

Altars:
Ashenzari
Gozag
Hepliaklqana
Okawaru
Qazlal
Ru
Trog
Vehumet
Xom
Yredelemnul

Shops:
D:9 (

Annotations:
D:5 3 runed translucent doors, Xye's ghost, novice HOFi
D:11 Nergalle


Innate Abilities, Weirdness & Mutations

You have a pair of small horns on your head.
You are mostly covered in slimy green scales. (AC +3)
You may rarely emit foul miasma when damaged in melee.
A meltable icy envelope protects you from harm. (AC +4)
A meltable shield of frost defends you. (SH +4)


Message History

The spectral orc warrior misses you. Nergalle hits you but does no damage.
Your ogre hits the spectral orc warrior with a +0 giant spiked club!!
The spectral orc warrior is destroyed!
The spectral orc warrior disappears in a puff of smoke!
Unknown command.
You hit Nergalle but do no damage.
You headbutt Nergalle, but do no damage.
Nergalle is heavily wounded.
Nergalle gestures at the spectral orc knight while chanting.
The spectral orc knight seems to speed up.
Your ogre barely misses the spectral orc knight.
The spectral orc knight completely misses you.
Nergalle hits you but does no damage.
Unknown command.
You punch Nergalle!
You headbutt Nergalle, but do no damage.
Nergalle is heavily wounded.
Your skin stops crawling.
You feel less strong-willed.
Your ogre hits the spectral orc knight with a +0 giant spiked club!!
The spectral orc knight hits you from afar with a +0 halberd!
* * * LOW HITPOINT WARNING * * *
You feel drained.
* * * LOW HITPOINT WARNING * * *
Nergalle gestures at you while chanting.
Orcish apparitions take form around you.
Unknown command.
The spectral orc knight hits your ogre with a +0 halberd.
Your ogre hits the spectral orc knight with a +0 giant spiked club!
The spectral orc knight hits your ogre with a +0 halberd!
The spectral orc knight drains your ogre.
Your ogre barely misses the spectral orc knight.
The spectral orc warrior closely misses your ogre.
The spectral orc knight closely misses your ogre.
Your ogre hits the spectral orc knight with a +0 giant spiked club!
The spectral orc knight is destroyed!
The spectral orc knight disappears in a puff of smoke!
Nergalle points at you and mumbles some strange words.
The bolt of negative energy hits you!!!
You feel drained.
Ouch! That really hurt!
You die...

... #..###### ##..##...##
#.........# #.........#
#.........# #..ยง..Z..##
#...Oo....# #.
##.Z##@...#
#.####..##...##
..............# .
.........<....# ..
.........)....#
.....##....##.)..# #...
#....##....#
#.[..##....##############
...........##...##......#


You could see Nergalle, a spectral orc warrior (summoned) and a friendly ogre
(summoned, berserk, drained).

Vanquished Creatures
  Fannar (D:11)
  A two-headed ogre (D:11)
  Pikel (D:9)
  A gargoyle (D:10)
  3 trolls
  2 hornets
  A shadow (D:9)
  A wyvern (D:11)
  12 yaks
  A wraith (D:11)
  3 vampire mosquitoes (D:10)
  2 acid dragons
  An orc warrior (D:9)
  3 ice beasts
  2 black bears
  2 necrophages (D:11)
  A hornet zombie (D:8)
  2 centaurs (D:9)
  3 bullfrogs
  A wyvern zombie (Ossuary)
  A water moccasin zombie (D:5)
  3 scorpions
  2 water moccasin skeletons
  11 killer bees
  A wight (D:11)
  7 howler monkeys
  4 bullfrog zombies (Ossuary)
  3 hounds
  7 centaur zombies
  2 centaur skeletons (D:7)
  A gnoll shaman (D:5)
  5 orc priests
  3 iguanas
  16 mummies
  Natasha (thrice) (D:2)
  8 orc wizards
  3 killer bee zombies (Ossuary)
  Robin (D:2)
  3 howler monkey zombies (Ossuary)
  6 adders
  3 gnolls (D:5)
  A shadow imp (D:7)
  A white imp (D:6)
  An adder skeleton (D:5)
  4 dart slugs
  28 orcs
  9 ball pythons
  3 endoplasms
  6 giant cockroaches
  13 goblins
  10 hobgoblins
  2 jackals (D:2)
  3 quokkas
  3 training dummies (D:9)
  6 bats
  4 frilled lizards
  4 kobolds
  3 rats
238 creatures vanquished.

Vanquished Creatures (collateral kills)
  2 mummies (Ossuary)
  2 orcs
4 creatures vanquished.

Vanquished Creatures (others)
  Blork the orc (D:5)
  An orc priest (D:5)
  An orc wizard (D:5)
  A gnoll (D:5)
  A plant (D:4)
  6 withered plants (Ossuary)
11 creatures vanquished.

Grand Total: 253 creatures vanquished

Notes
Turn   | Place    | Note
-------+----------+-------------------------------------------
     0 | D:1      | RepoMan the Demonspawn Berserker began the quest for the
                  | Orb.
     0 | D:1      | Reached XP level 1. HP: 18/18 MP: 1/1
    48 | D:1      | Reached skill level 3 in Unarmed Combat
   209 | D:1      | Gained mutation: You may rarely emit foul miasma when
                  | damaged in melee. [demonic ancestry]
   209 | D:1      | Reached XP level 2. HP: 24/24 MP: 2/2
  1110 | D:2      | Found a faded altar of an unknown god.
  1239 | D:2      | Reached ** piety under Trog
  1240 | D:2      | Reached skill level 4 in Unarmed Combat
  1240 | D:2      | Reached XP level 3. HP: 27/29 MP: 3/3
  1354 | D:2      | Gained mutation: A meltable shield of frost defends you.
                  | (SH +4) [demonic ancestry]
  1354 | D:2      | Reached XP level 4. HP: 32/35 MP: 4/4
  1363 | D:2      | Noticed Natasha
  1381 | D:2      | Killed Natasha
  1382 | D:2      | Reached skill level 5 in Unarmed Combat
  1392 | D:2      | Noticed Natasha
  1415 | D:2      | Killed Natasha
  1416 | D:2      | Reached XP level 5. HP: 25/41 MP: 5/5
  1420 | D:2      | Noticed Natasha
  1424 | D:2      | Killed Natasha
  1822 | D:2      | Noticed Robin
  1848 | D:2      | Killed Robin
  3124 | D:4      | Found a radiant altar of Vehumet.
  3172 | D:4      | Found a sand-covered staircase.
  3186 | Ossuary  | Entered an ossuary
  3210 | Ossuary  | Gained mutation: A meltable icy envelope protects you from
                  | harm. (AC +4) [demonic ancestry]
  3210 | Ossuary  | Reached XP level 6. HP: 48/48 MP: 6/6
  3227 | Ossuary  | Reached *** piety under Trog
  3234 | Ossuary  | Reached skill level 6 in Unarmed Combat
  3314 | Ossuary  | Gained mutation: You are partially covered in slimy green
                  | scales. (AC +2) [demonic ancestry]
  3314 | Ossuary  | Reached XP level 7. HP: 43/55 MP: 7/7
  3381 | Ossuary  | Reached skill level 7 in Unarmed Combat
  3706 | Ossuary  | Reached skill level 5 in Fighting
  4267 | D:4      | Identified the +6 dagger "Qotus" {flame, Str+2 Dex+3}
  4575 | D:4      | Reached XP level 8. HP: 63/63 MP: 8/8
  4705 | D:5      | Entered Level 5 of the Dungeon
  4734 | D:5      | Reached skill level 8 in Unarmed Combat
  4880 | D:5      | Found a staircase to the Ecumenical Temple.
  4883 | D:5      | Found a runed translucent gate.
  4883 | D:5      | Found a runed translucent gate.
  4883 | D:5      | Found a runed translucent gate.
  4883 | D:5      | Noticed Xye's ghost (novice HOFi)
  4899 | D:5      | Reached **** piety under Trog
  5019 | D:5      | Noticed Blork the orc
  5027 | D:5      | Your ally Blork the orc died
  5166 | D:5      | Reached skill level 9 in Unarmed Combat
  6332 | D:6      | Found a basalt altar of Yredelemnul.
  6334 | D:6      | Found a broken altar of Ashenzari.
  6336 | D:6      | Found a shimmering altar of Xom.
  6336 | D:6      | Found a stormy altar of Qazlal.
  6336 | D:6      | Found a bloodstained altar of Trog.
  6352 | D:6      | Found a sacrificial altar of Ru.
  6352 | D:6      | Found a hazy altar of Hepliaklqana.
  6355 | D:6      | Found an opulent altar of Gozag.
  6543 | D:7      | Reached XP level 9. HP: 71/71 MP: 9/9
  6629 | D:7      | Noticed a two-headed ogre
  6880 | D:7      | Reached skill level 10 in Unarmed Combat
  7272 | D:8      | Reached skill level 11 in Unarmed Combat
  8362 | D:9      | Gained mutation: You are mostly covered in slimy green
                  | scales. (AC +3) [demonic ancestry]
  8362 | D:9      | Reached XP level 10. HP: 80/80 MP: 10/10
  8479 | D:9      | Noticed Pikel
  8519 | D:9      | Killed Pikel
  8520 | D:9      | Reached skill level 12 in Unarmed Combat
  9140 | D:9      | Reached ***** piety under Trog
  9267 | D:9      | Reached skill level 13 in Unarmed Combat
  9383 | D:9      | Found Qidocl Mocu's Firing Range.
  9489 | D:10     | Entered Level 10 of the Dungeon
  9798 | D:10     | Reached skill level 14 in Unarmed Combat
  9858 | D:10     | Found an iron altar of Okawaru.
 10028 | D:10     | Noticed a gargoyle
 10045 | D:10     | Killed a gargoyle
 10046 | D:10     | Gained mutation: You have a pair of small horns on your
                  | head. [demonic ancestry]
 10046 | D:10     | Reached XP level 11. HP: 76/86 MP: 11/11
 10383 | D:11     | Noticed Fannar
 10430 | D:11     | Killed Fannar
 10578 | D:11     | Reached skill level 15 in Unarmed Combat
 10591 | D:11     | Noticed a two-headed ogre
 10594 | D:11     | Killed a two-headed ogre
 10602 | D:11     | Noticed Nergalle
 10620 | D:11     | Killed from afar by Nergalle

Illustrated notes

Levels and vault maps discovered:
D:1:      nzn_arrival_crosshair, layout_basic, minmay_crystal_room
D:2:      minmay_chambers_of_ones, layout_basic,
          chequers_ecumenical_altar_simple_redux, uniq_robin, uniq_natasha
D:3:      layout_basic
D:4:      layout_cave_pools, vehumet_altar_wand_db,
          nicolae_ossuary_entry_false_entrances, serial_bayou,
          serial_bayou_pond_c, serial_bayou_shore_b, serial_bayou_shore_b,
          serial_bayou_pond_c, serial_bayou_lake_a, serial_bayou_ford_a
D:5:      layout_cave_pools, temple_statues, gammafunk_ghost_necromancy,
          hangedman_decor_slide_cut, uniq_blork_the_orc
D:6:      layout_loops_cross, grunt_temple_overflow_open
D:7:      layout_loops_corners, item_on_display_a
D:8:      layout_cave_pods
D:9:      layout_stronghold, nicolae_shop_firing_range, uniq_pikel
D:10:     layout_roguey, amcnicky_altar_gilded, nicolae_straight_to_the_point
D:11:     layout_gridville, lair_entry_dummy, serial_undead, serial_undead_e,
          serial_undead_c, serial_undead_e, serial_undead_a, serial_undead_e,
          serial_undead_b, serial_undead_a, kennysheep_kite_vault, uniq_fannar,
          uniq_nergalle

Skill      XL: |  1  2  3  4  5  6  7  8  9 10 11 |
---------------+----------------------------------+-----
Unarmed Combat | 3 4 5 6 7 9 11 14 15 | 15.2
Fighting       | 4 5 6 8 |  8.0
Armour         | |  1.7
Dodging        | |  1.7

Action                   |  1- 3 |  4- 6 |  7- 9 | 10-12 || total
-------------------------+-------+-------+-------+-------++-------
Melee: Unarmed           |    83 |   223 |   430 |   291 ||  1027
       Punch             |     4 |    10 |    35 |    28 ||    77
       Headbutt          |       |       |       |    23 ||    23
Throw: Stone             |     1 |       |       |       ||     1
       Throwing net      |       |       |       |     2 ||     2
Invok: Trog's Hand       |       |     4 |     4 |     3 ||    11
       Berserk           |       |     2 |     3 |     4 ||     9
       Brothers in Arms  |       |       |       |     1 ||     1
Evoke: Wand              |       |       |    21 |     2 ||    23
 Stab: Sleeping          |       |     2 |       |     1 ||     3
Armor: Animal skin       |     1 |       |       |       ||     1
       Leather armour    |    23 |    37 |    66 |     6 ||   132
       Troll leather arm |       |       |       |    65 ||    65
Dodge: Dodged            |    36 |   108 |   229 |   210 ||   583
Block: Other             |       |    17 |    60 |    40 ||   117
